[Event "Czech Championship 2022"]
[Site "Usti nad Labem"]
[Date "2022.05.19"]
[Round "6.20"]
[White "Freisler, Pavel"]
[Black "Horak, Martin"]
[Result "1-0"]
[ECO "E15"]
[WhiteElo "2239"]
[BlackElo "2343"]
[Annotator "TA"]
[PlyCount "77"]
[EventDate "2022.05.12"]
[EventType "swiss"]
[EventCountry "CZE"]
[SourceTitle "playchess.com"]
[Source "ChessBase"]
[SourceQuality "1"]
[TimeControl "40/5400+30:1800+30"]

1. d4 Nf6 2. Nf3 e6 3. c4 b6 4. g3 Ba6 5. Qb3 Bb7 6. Bg2 {[%emt 0:00:08] E15: Queen's Indian: 4 g3 sidelines, 4 g3 Ba6 and 4 g3 Bb7 early deviations.} c5 7. O-O cxd4 8. Nxd4 {[%emt 0:00:45] The position is equal.} Bxg2 9. Kxg2 Be7 (9... Qc8 $11) 10. Qf3 $16 {[%emt 0:08:00] [#]} Na6 $146 ({Predecessor:} 10... d5 11. Nc3 Bb4 12. Rd1 Bxc3 13. bxc3 O-O 14. Bg5 Nbd7 15. cxd5 exd5 16. Nc6 Qe8 {0-1 (58) Georgiev,K (2595)-Olafsson,H (2510) Saint John 1988}) 11. Nc3 O-O 12. Rd1 {[%emt 0:03:24][%cal Od4c6] White is more active.} Qc8 {[%emt 0:17:55] Against Nc6} 13. b3 Nc5 14. e4 d6 15. Bf4 {[%emt 0:06:24] And now Ndb5 would win.} Ncd7 16. Rac1 a6 17. Qe2 Qb7 18. Nf3 Nc5 19. Bxd6 ({Much worse is} 19. Rxd6 Bxd6 20. Bxd6 Rfc8 $11) 19... Bxd6 20. Rxd6 Ncxe4 21. Nxe4 Nxe4 22. Rd4 Nf6 23. Rcd1 b5 24. c5 b4 25. Kg1 Rac8 26. Rc1 Nd5 27. Ng5 h6 28. Ne4 {[%emt 0:00:51] Hoping for Nd6.} ({Much weaker is} 28. Nxe6 Rfe8 29. c6 Rxc6 30. Rxc6 Qxc6 $17) 28... Nc3 29. Qd3 {[%emt 0:03:39] [#] aiming for Nd6.} (29. Qc4 {looks sharper.} Nxe4 30. c6 Qb6 31. Rxe4 Rc7 32. Qc2) 29... Nxe4 30. Qxe4 Qxe4 31. Rxe4 $11 {[%emt 0:00:01][%mdl 4096] Endgame KRR-KRR} a5 32. c6 Rfd8 ({Black should play} 32... Rc7 $1 $11) 33. Re5 $1 $14 Rd6 34. c7 {[%emt 0:00:45] Rb5 is the strong threat.} ({Reject} 34. Rxa5 Rdxc6 35. Rxc6 Rxc6 $11) 34... Rd7 35. Rec5 Kf8 36. Kf1 Ke7 37. Ke2 Rd5 $2 {[%emt 0:02:19][%mdl 8192] [#]} (37... Kd6 $11) 38. Rxd5 $1 $18 exd5 39. Kd3 {[%emt 0:00:04] Weighted Error Value: White=0.10 (very precise) /Black=0.32} 1-0

[Event "Czech Championship 2022"]
[Site "Usti nad Labem"]
[Date "2022.05.19"]
[Round "6.21"]
[White "Bartos, Jan"]
[Black "Ret, Adam Josef"]
[Result "1/2-1/2"]
[ECO "E04"]
[WhiteElo "2125"]
[BlackElo "2093"]
[Annotator "TA"]
[PlyCount "74"]
[EventDate "2022.05.12"]
[EventType "swiss"]
[EventCountry "CZE"]
[SourceTitle "playchess.com"]
[Source "ChessBase"]
[SourceQuality "1"]
[TimeControl "40/5400+30:1800+30"]

1. d4 d5 2. c4 e6 3. Nf3 Nf6 4. g3 dxc4 5. Bg2 a6 6. Ne5 c5 7. Be3 Nd5 8. O-O {[%emt 0:02:48] [#] E04: Open Catalan: 5 Nf3.} Bd6 $146 (8... f6 $11 9. Nxc4 b5) ({Predecessor:} 8... Nd7 9. Nxc4 Nxe3 10. Nxe3 Be7 11. d5 exd5 12. Nxd5 O-O 13. Nbc3 Ne5 14. Qa4 Bd7 15. Qf4 Ng6 {1-0 (27) Alonso Rosell,A (2570)-Galaviz Medina,S (2374) Mexico City 2022}) 9. Nxc4 $14 Nxe3 10. Nxd6+ {[%emt 0:00:55] White is slightly better.} Qxd6 11. fxe3 Nd7 (11... cxd4 $14 {should be considered.} 12. Qxd4 Qxd4 13. exd4 Nc6) 12. Nc3 O-O 13. Ne4 Qe7 14. Rc1 cxd4 15. Qxd4 f5 16. Qd6 Qe8 17. Nc5 {[%emt 0:07:34] White is much more active. The black rooks are badly placed.} Nxc5 18. Rxc5 ({Resist} 18. Qxc5 e5 $14) 18... Qd8 19. Rd1 Qxd6 20. Rxd6 Rb8 21. Kf2 Kf7 22. Rc7+ Kf6 23. Ke1 (23. e4 $18) 23... Re8 $16 24. b4 Re7 {[%emt 0:01:32] [#]} 25. Rxe7 ({Better is} 25. Rc5 $1 $16 {Strongly threatening Rd8.} Bd7 26. e4) 25... Kxe7 {[%emt 0:00:01][%mdl 4096] Endgame KRB-KRB} 26. Rb6 Kd7 {[%emt 0:01:13] aiming for ...Kc7.} 27. a4 $1 Kc7 28. a5 Bd7 29. Kd2 Bc6 $2 {[%emt 0:02:17] [#]} (29... e5 $1 $11) 30. Bxc6 $18 bxc6 (30... Rd8+ {is more resistant.} 31. Kc3 bxc6 32. Rxa6 Kb7 33. Rb6+ Kc7) 31. Rxa6 $2 (31. Rxb8 $18 Kxb8 32. e4) 31... Rxb4 {[%emt 0:00:35] KR-KR} 32. Ra7+ Kd6 $1 33. Rxg7 Ra4 34. Rxh7 {[%emt 0:01:46] Threatens to win with Ra7.} (34. e4 $5) 34... Rxa5 35. e4 Ra2+ 36. Ke3 {[%emt 0:00:06] And now exf5 would win.} Ra3+ 37. Kf4 (37. Kf2 $1 $14) 37... Ra4 {[%emt 0:00:14] Weighted Error Value: White=0.42/Black=0.30} 1/2-1/2

[Event "Czech Championship 2022"]
[Site "Usti nad Labem"]
[Date "2022.05.19"]
[Round "6.23"]
[White "Jirasko, Miroslav"]
[Black "Horak, Jiri"]
[Result "0-1"]
[ECO "A28"]
[WhiteElo "2091"]
[BlackElo "2161"]
[Annotator "TA"]
[PlyCount "74"]
[EventDate "2022.05.12"]
[EventType "swiss"]
[EventCountry "CZE"]
[SourceTitle "playchess.com"]
[Source "ChessBase"]
[SourceQuality "1"]
[TimeControl "40/5400+30:1800+30"]

1. c4 e5 2. Nc3 Nf6 3. Nf3 Nc6 4. e3 d6 5. d4 Be7 6. d5 {[%emt 0:06:06] A28: English Opening: Four Knights Variation.} Nb8 7. e4 O-O 8. Be2 {[%emt 0:01:59] White is slightly better.} Nbd7 9. Qc2 a5 10. b3 {[%emt 0:01:45] [#]} Nc5 $146 ({Predecessor:} 10... Ne8 11. Be3 b6 12. h3 Nc5 13. g4 Bb7 14. O-O-O Na6 15. a3 Nc5 16. Kb2 Nd7 {1-0 (26) Baumgartner,U-Schaar,M Switzerland 1998}) 11. Nd2 h6 12. a3 Nh7 13. Rb1 f5 14. b4 axb4 (14... Nxe4 {is interesting.} 15. Ndxe4 fxe4 16. Nxe4 Bf5) 15. axb4 Nxe4 16. Ndxe4 fxe4 17. Nxe4 Nf6 {[%emt 0:03:56] Strongly threatening ...Nxe4.} 18. Ng3 (18. Nc3 {looks sharper.} Ng4 19. O-O Bg5 20. h3) 18... Qe8 (18... b5 $11) 19. Bd3 (19. b5 $1 $14) 19... Bd7 ({Better is} 19... b5 $11) 20. O-O Kh8 (20... b5 $11) 21. Bd2 ({White should play} 21. b5 $16) 21... c6 (21... b5 $11 {remains equal.}) 22. dxc6 $16 bxc6 23. f4 exf4 (23... Ng4 $14) 24. Bxf4 d5 25. c5 Ng8 26. Rbe1 (26. Kh1 $16) 26... Qd8 (26... Rxf4 $1 $11 27. Rxf4 Bxc5+ 28. Kf1 Be3) 27. Qe2 Be8 (27... Ra4 $16 {was worth a try.}) 28. Bc2 $18 {[%emt 0:02:51] Hoping for Qd3.} Bf6 $2 (28... Ra2) 29. Qd3 g6 30. Bd6 Rf7 31. Qxg6 ({Weaker is} 31. b5 cxb5 32. Qxd5 Rfa7 $18) (31. Ne2 $18) 31... Bd4+ $19 32. Kh1 Rxf1+ {[%emt 0:00:11][%mdl 64] [#] Discovered Attack} 33. Rxf1 Bxg6 34. Bxg6 Ra1 35. Bb1 Qg5 {[%emt 0:00:43] Threatens to win with ...Qd2.} 36. Nf5 {[%emt 0:00:10] [#]} Qxf5 $3 37. Bxf5 (37. Rd1 Rxb1) 37... Rxf1# {[%emt 0:00:05] Weighted Error Value: White=0.74/Black=0.38} 0-1

[Event "Czech Championship 2022"]
[Site "Usti nad Labem"]
[Date "2022.05.19"]
[Round "6.24"]
[White "Paulus, Vaclav"]
[Black "Sura, Jaroslav"]
[Result "1/2-1/2"]
[ECO "C88"]
[WhiteElo "2093"]
[BlackElo "2010"]
[Annotator "TA"]
[PlyCount "99"]
[EventDate "2022.05.12"]
[EventType "swiss"]
[EventCountry "CZE"]
[SourceTitle "playchess.com"]
[Source "ChessBase"]
[SourceQuality "1"]
[TimeControl "40/5400+30:1800+30"]

1. e4 e5 2. Nf3 Nc6 3. Bb5 a6 4. Ba4 Nf6 5. O-O Be7 6. Re1 b5 7. Bb3 O-O 8. a4 b4 9. d4 $1 {[%emt 0:00:07][%mdl 4] is recently more successful than 9.d3.} d6 10. dxe5 Nxe5 11. Nbd2 {[%emt 0:02:25] C88: Closed Ruy Lopez: Anti-Marshall Systems.} Bg4 12. h3 Bh5 13. g4 {[%emt 0:02:13] Strongly threatening Nxe5. White is slightly better.} Bg6 14. Nxe5 dxe5 15. Qf3 {[%emt 0:00:05] [#]} Nd7 $146 ({Predecessor:} 15... c6 16. Nc4 Qc7 17. g5 Bh5 18. Qg3 Nd7 19. Be3 Kh8 20. Kh2 f5 21. Qh4 Bg6 {0-1 (40) Srumin,G (2118)-Feldshtein,I Israel 1999}) 16. Nf1 Nc5 17. Bd5 Rb8 18. Be3 Ne6 19. Rad1 {[%emt 0:01:00] Bxe6 is the strong threat.} Qc8 20. Ng3 Bg5 (20... c5 $16 {keeps fighting.}) 21. Ba7 Nd4 22. Rxd4 (22. Bxd4 exd4 23. Rxd4 Qd7 $16) (22. Qd3 $18) 22... exd4 $16 23. Bxd4 (23. Nf5 $14) 23... c5 (23... Qd7 $11 {keeps the balance.} 24. Be3 Bxe3 25. Qxe3 Qxa4) 24. Be5 {[%emt 0:00:16] White is much more active.} Rb6 25. Qg2 (25. a5 $16 Re6 26. Bxe6 Qxe6 27. Bf4) 25... Bf6 (25... Re8 $11 26. f4 Bh4) 26. Bxf6 Rxf6 27. Ne2 (27. e5 $1 $16 Re8 28. Kf1) 27... Rd6 $11 28. c4 bxc3 $1 29. bxc3 Kh8 30. f4 ({White should play} 30. Nf4 $11) 30... f6 $15 31. c4 (31. f5 $15 Bf7 32. Nf4) 31... Rb6 $1 $17 32. Kh1 (32. Qg3 $17) 32... Bf7 $19 33. Rg1 (33. Qf2 {was worth a try.}) 33... Qb8 34. g5 fxg5 {[%emt 0:00:19] White must now prevent ...Bh5.} 35. f5 $2 (35. Bxf7 {is a better defense.} Rxf7 36. Qxg5) 35... Bxd5 36. cxd5 Rb3 37. h4 h6 (37... g6 38. fxg6 hxg6) 38. hxg5 hxg5 39. Qxg5 (39. Nc1 $2 Rf6 $1 40. Qxg5 Rh6+ 41. Qxh6+ gxh6 $19) 39... Rh3+ 40. Kg2 Rh2+ $40 {[%emt 0:02:12][%mdl 128] Black is out for blood.} 41. Kf1 $2 (41. Kf3 $19 Qb3+ 42. Qe3) 41... Qb1+ $1 ({Stronger than} 41... Qb2 42. Rg2 Rxg2 43. Qxg2 $17) 42. Nc1 Qb2 43. Qe3 Qc2 44. Nd3 Rb8 45. Rxg7 Rb1+ ({And not} 45... Kxg7 46. Qg3+ Kh7 47. Qg6+ Kh8 48. Qf6+ Kh7 49. Qg6+ Kh8 50. Qf6+ Kh7 51. Qg6+ $11) 46. Ne1 Rh1+ (46... Kxg7 47. Qg3+ Kf8 48. Qd6+ Ke8 49. Qc6+ Kd8 50. Qd6+ Kc8 51. Qxa6+ Kc7 52. Qc6+ Kb8 53. Qd6+ Ka7 54. Qd7+ Rb7 55. Qxb7+ Kxb7 56. Nxc2 Rxc2 57. f6 $11) (46... Rxe1+ $142 47. Qxe1 Rh1+ 48. Rg1 Qd3+ 49. Kf2 Rh2+ 50. Rg2 Qc2+ 51. Kg3 Qxg2+ 52. Kf4 Rh3 53. Ke5 Qb2+ 54. Kd6 Qf6+ 55. Kxc5 Rc3+ 56. Qxc3 Qxc3+ 57. Kb6 Qd3 58. f6 Kg8 59. Kc7 Qxe4 60. d6 Qc4+ 61. Kb6 Qxa4 62. Kc7 Qc4+ 63. Kb7 Qb5+ 64. Kc7 Qc5+ 65. Kb8 Qxd6+ 66. Ka8 Kf7 67. Ka7 a5 68. Ka8 a4 69. Kb7 a3 70. Ka8 a2 71. Kb7 a1=Q 72. Kc8 Qa8#) 47. Rg1 Rh2 (47... Qc4+ $19 48. Kf2 Rb2+ 49. Kg3 Rxg1+ 50. Qxg1 Qxe4) 48. Rg6 $2 {[%emt 0:00:00][%mdl 8192] [#]} (48. Rg7 $11) 48... Rh1+ $2 (48... Rxe1+ $1 {[%mdl 512] mates} 49. Qxe1 Rh1+ 50. Rg1 Qd3+ 51. Kf2 Rh2+ 52. Rg2 Qc2+ 53. Kg3 Qxg2+ 54. Kf4 Rh3 55. Ke5 Qb2+ 56. Kd6 Qf6+ 57. Kxc5 Rc3+ 58. Qxc3 Qxc3+ 59. Kd6 Qf6+ 60. Kc5 Qc3+ 61. Kd6 Qf6+ 62. Kc5 Qc3+) 49. Rg1 {[%emt 0:00:00] Really sharp!} Rh2 (49... Qc4+ 50. Kf2 Rb2+ 51. Kg3 Rxg1+ 52. Qxg1 Qxe4) 50. Rg6 {[%emt 0:43:56][%mdl 32768] Black used his chance.  Weighted Error Value: White=0.68/Black=0.75. An unexpected result.} 1/2-1/2

[Event "Czech Championship 2022"]
[Site "Usti nad Labem"]
[Date "2022.05.20"]
[Round "7.1"]
[White "Plat, Vojtech"]
[Black "Zwardon, Vojtech"]
[Result "0-1"]
[ECO "E36"]
[WhiteElo "2547"]
[BlackElo "2482"]
[Annotator "TA"]
[PlyCount "132"]
[EventDate "2022.05.12"]
[EventType "swiss"]
[EventCountry "CZE"]
[SourceTitle "playchess.com"]
[Source "ChessBase"]
[SourceQuality "1"]
[TimeControl "40/5400+30:1800+30"]

1. d4 Nf6 2. c4 e6 3. Nc3 Bb4 4. Qc2 d5 5. a3 Bxc3+ 6. Qxc3 dxc4 7. Qxc4 b6 {[%emt 0:00:30] E36: Nimzo-Indian: Classical: 4...d5 5 a3.} 8. Nf3 {[%emt 0:01:50] 8.Bf4 might become the main line.} Ba6 9. Qa4+ Qd7 {[%emt 0:00:09] The position is equal.} 10. Qc2 Qc6 11. Qxc6+ Nxc6 {[%emt 0:00:02] [#]} 12. Bg5 $146 ({Predecessor:} 12. Bf4 O-O-O 13. Rc1 Kb7 14. g3 Rhe8 15. Bg2 Nd5 16. Bd2 e5 17. dxe5 Nxe5 18. Nxe5 Rxe5 {0-1 (42) Akobian,V (2647)-Anand,V (2782) Riadh 2017}) 12... O-O-O 13. e3 Bxf1 14. Kxf1 h6 15. Rc1 Kb7 16. Bf4 Nd5 17. Bg3 f6 18. Ke2 Nde7 19. Rc2 a5 20. Rhc1 Rd7 21. Nd2 Rc8 22. Ne4 Nd8 23. b4 axb4 24. axb4 Ndc6 25. b5 Na7 26. Rb2 f5 27. Nd2 Rd5 28. Rcb1 Ng6 {[%emt 0:02:59] Inhibits Be5.} 29. Nf3 f4 30. Bxf4 Nxf4+ 31. exf4 Ra8 32. g3 Nc8 $1 33. Rb4 Nd6 34. Ne5 Ra2+ 35. Kf3 Rd2 36. g4 g5 37. fxg5 hxg5 38. Ke3 $1 Rc2 39. R4b3 (39. R1b3 $5 ) 39... Ra2 $1 40. h3 Ra4 $1 41. Nc6 Nxb5 42. Ne7 Nxd4 43. Nxd5 Nxb3 $14 {[%emt 0:00:04][%mdl 4096] Endgame KRN-KRN} 44. Nc3 Rb4 45. f4 (45. Ne4 $2 Rxe4+ $1 46. Kxe4 Nd2+ 47. Ke3 Nxb1 $19) (45. Rb2 $14) 45... gxf4+ $11 46. Kf2 c5 {[%emt 0:04:11] Strongly threatening ...Nd2.} 47. g5 $1 {[%emt 0:00:00] Hoping for g6.} Nd2 48. g6 $1 Nxb1 49. g7 Nxc3 50. g8=Q {[%emt 0:00:00] KQ-KRN} Ne4+ 51. Kf3 $2 {[%emt 0:00:00] [#]} (51. Kg2 $11) 51... Nd2+ $1 $17 52. Kf2 f3 (52... Re4 $17 {And now ...f3 would win.} 53. Qe8 Ka6) 53. Qh7+ (53. Qxe6 $11 {keeps the balance.} Ne4+ 54. Ke3) 53... Kc6 {[%emt 0:00:00] Threatens to win with ...Re4.} 54. Qh6 $2 {[%emt 0:00:00] [#]} (54. Qg8 $19 Re4 55. Qe8+ (55. Qc8+ $2 Kd5 $19) 55... Kd5 56. Qa8+ Kc4 57. Qa4+ Kc3 58. Qa3+ Nb3 59. Kxf3) 54... Re4 $1 {[%emt 0:00:00] Black mates.} 55. Qh8 (55. Qxd2 Re2+) 55... Re2+ 56. Kg3 f2 57. Qe8+ Kd6 58. Qb8+ {[%emt 0:00:00] [#]} Kd5 $1 59. Qa8+ Ke5 60. Qh8+ Ke4 61. Qa8+ Kd3 62. Qa3+ Kc2 63. Qa2+ Kc3 64. Qa1+ Kb4 65. Qb2+ Kc4 66. Qc2+ Kd4 {[%emt 0:00:00] Weighted Error Value: White=0.28 (precise) /Black=0.08 (flawless)} 0-1

[Event "Czech Championship 2022"]
[Site "Usti nad Labem"]
[Date "2022.05.20"]
[Round "7.2"]
[White "Navara, David"]
[Black "Hracek, Zbynek"]
[Result "1-0"]
[ECO "B90"]
[WhiteElo "2682"]
[BlackElo "2570"]
[Annotator "TA"]
[PlyCount "93"]
[EventDate "2022.05.12"]
[EventType "swiss"]
[EventCountry "CZE"]
[SourceTitle "playchess.com"]
[Source "ChessBase"]
[SourceQuality "1"]
[TimeControl "40/5400+30:1800+30"]

1. e4 c5 2. Nf3 d6 3. d4 cxd4 4. Nxd4 Nf6 5. Nc3 a6 6. Bd3 Nbd7 {[%emt 0:05:50] B90: Sicilian Najdorf: Unusual White 6th moves, 6 Be3 Ng4 and 6 Be3 e5.} 7. a4 $5 {[%emt 0:00:11][%mdl 4] An interesting side line.} g6 8. a5 Bg7 {[%emt 0:01:05] The position is equal.} 9. O-O O-O {[%emt 0:02:05] [#]} 10. Re1 $146 ({Predecessor:} 10. Nb3 Ne5 11. Na4 Nxd3 12. cxd3 Be6 13. Nb6 Bxb3 14. Qxb3 Rb8 15. Bg5 h6 16. Bxf6 Bxf6 {1-0 (79) Gheng,J (2310)-Osmanovic,F (2081) Ditzingen 2009}) 10... Ne5 11. Bf1 Bd7 12. Nd5 Nxd5 13. exd5 Rc8 14. h3 Rc5 15. Nb3 Rc8 16. c3 Re8 17. Re4 {[%emt 0:12:47] Strongly threatening f4.} Bb5 $1 18. Rb4 Bxf1 19. Qxf1 Qc7 20. Bf4 (20. f4 $5 Nd7 21. Qf3 $11) 20... Nc4 21. Nd2 $1 Nxd2 22. Bxd2 e5 23. Qd1 Qd7 24. Qb3 Rc7 25. Rb6 e4 26. Ra4 Be5 $1 27. Rab4 Re7 28. Qc2 f5 29. Qc1 Rc5 30. Bg5 Rf7 31. Rxb7 Qxb7 32. Rxb7 Rxb7 33. Bd8 Rxd5 34. Bb6 Rd3 35. Qc2 Kg7 36. Kf1 {[%emt 0:00:49][%mdl 1024] White has compensation.} d5 (36... Rd5 $1 $11) 37. Qa4 $14 Rf7 38. Qe8 Bf6 39. g3 $1 g5 40. Qc8 (40. Be3 $16) 40... Rf3 $2 (40... f4 $1 $11 {and Black stays safe.}) 41. Qxa6 $18 d4 {[%emt 0:06:22] [#]} 42. Qa8 $1 ({Don't take} 42. Bxd4 $6 Bxd4 43. cxd4 e3 $16) ({But not} 42. cxd4 $6 e3 43. Ke2 Rxf2+ 44. Kxe3 Rxb2 $16) 42... dxc3 43. bxc3 Rxc3 44. a6 Rd7 {[%emt 0:07:59] [#] And now ...Rc1+ would win.} 45. Kg2 $1 {[%emt 0:00:24] Qe8 is the strong threat.} Rd1 $2 {[%emt 0:01:39] [#]} (45... Rc1 46. Be3 Ra1) 46. Bc5 $1 {[%emt 0:00:30][%mdl 512] Qf8+ would kill now.} Rd8 {[%emt 0:02:56] [#] Prevents Qf8+.} 47. Qxd8 $3 {[%emt 0:01:24][%mdl 512] Weighted Error Value: White=0.14 (very precise) /Black=0.20 (precise)} 1-0

[Event "Czech Championship 2022"]
[Site "Usti nad Labem"]
[Date "2022.05.20"]
[Round "7.3"]
[White "Stocek, Jiri"]
[Black "Babula, Vlastimil"]
[Result "1/2-1/2"]
[ECO "D24"]
[WhiteElo "2533"]
[BlackElo "2576"]
[Annotator "TA"]
[PlyCount "43"]
[EventDate "2022.05.12"]
[EventType "swiss"]
[EventCountry "CZE"]
[SourceTitle "playchess.com"]
[Source "ChessBase"]
[SourceQuality "1"]
[TimeControl "40/5400+30:1800+30"]

1. d4 {[%emt 0:00:34] Huzman,A} Nf6 2. c4 e6 3. Nf3 a6 4. Nc3 d5 5. Bg5 dxc4 6. a4 c5 {[%emt 0:04:44] D24: Queen's Gambit Accepted: 3 Nf3 Nf6 4 Nc3.} 7. Bxf6 Qxf6 8. d5 {[%emt 0:03:07] Prevents Nc6.} exd5 9. Nxd5 Qd8 {[%emt 0:01:07] [#]} 10. a5 $146 ({Predecessor:} 10. e3 Nc6 11. Bxc4 Bd6 12. O-O O-O 13. h3 Re8 14. Qc2 Rb8 15. a5 h6 16. Rfd1 {1-0 (32) Khalifman,A (2660)-Ivanov,S (2570) St Petersburg 1998 CBM 065 [Huzman,A]}) 10... Nc6 11. Nb6 {[%emt 0:00:32] Pair of Knights!} Qxd1+ 12. Kxd1 Rb8 13. e3 Bg4 14. Bxc4 Be7 15. Bd5 Rd8 16. Ke2 {[%emt 0:07:39] The position is equal.} Nxa5 17. h3 Bxf3+ 18. Bxf3 Nb3 {[%emt 0:00:46] [#] And now ...Rd2+ would win.} 19. Rad1 {[%emt 0:00:36] Against Rd2+} Na5 20. Ra1 Nb3 {[%emt 0:00:06] Hoping for ...Rd2+.} 21. Rad1 {[%emt 0:00:29] Prevents Rd2+.} Na5 $1 22. Ra1 {[%emt 0:11:31] A balanced but interesting game.  Weighted Error Value: White=0.03 (flawless) /Black=0.04 (flawless)} 1/2-1/2

[Event "Czech Championship 2022"]
[Site "Usti nad Labem"]
[Date "2022.05.20"]
[Round "7.4"]
[White "Smolik, Jachym"]
[Black "Kraus, Tomas"]
[Result "0-1"]
[ECO "E04"]
[WhiteElo "2272"]
[BlackElo "2472"]
[Annotator "TA"]
[PlyCount "76"]
[EventDate "2022.05.12"]
[EventType "swiss"]
[EventCountry "CZE"]
[SourceTitle "playchess.com"]
[Source "ChessBase"]
[SourceQuality "1"]
[TimeControl "40/5400+30:1800+30"]

1. d4 d5 2. c4 e6 3. Nf3 Nf6 4. g3 c6 5. Bg2 dxc4 6. O-O b5 7. Ne5 {[%emt 0:01:32] E04: Open Catalan: 5 Nf3.} Bb7 8. b3 cxb3 $1 9. axb3 {[%emt 0:00:10] The position is equal.} Be7 10. Nc3 a6 11. Ne4 Nxe4 $1 12. Bxe4 f6 13. Nf3 {[%emt 0:09:10] [#]} f5 $146 ({Predecessor:} 13... Nd7 14. Bd2 f5 15. Ba5 Qb8 16. Bc2 c5 17. dxc5 Nxc5 18. Qd4 O-O 19. Rad1 Qe8 {1-0 (60) Naroditsky,D (2634)-Laznicka,V (2654) Grosseto Prugna 2016}) 14. Bd3 Nd7 15. Bb2 (15. b4 $15) 15... O-O $17 16. Rc1 Rc8 17. b4 (17. e4 $17) 17... Bxb4 $19 18. Qb3 Qe7 19. Ng5 Qxg5 20. Qxb4 f4 21. Ba3 (21. Qd6 $17 Qd5 22. Ba3) 21... Qd5 $2 (21... fxg3 $19 {and Black stays clearly on top.} 22. hxg3 Qh6) 22. f3 $17 a5 (22... Rf7 $17 23. Be4 Qg5) 23. Qxa5 $15 Qxd4+ 24. Kg2 Rf7 25. Rfd1 {[%emt 0:02:53][%cal Od3h7] And now Bxh7+! would win.} Qb6 ({Better is} 25... Qf6 $17 {Hoping for ...fxg3.} 26. Qd2 Ra8) 26. Qb4 Ne5 27. Bxh7+ {[%emt 0:05:49][%mdl 64] Decoy} Kxh7 28. Qe4+ Ng6 $1 {[%emt 0:01:29] ...c5 is the strong threat.} 29. Qxe6 $2 (29. Rc5 $1 $11 {and White is okay.} e5 30. h4) 29... Rf6 $19 30. Qh3+ Kg8 31. Bc5 Qc7 {[%emt 0:04:25] White must now prevent ...Re8.} 32. Rd7 {[%emt 0:00:14] [#]} Qe5 33. Rxb7 Qxe2+ 34. Bf2 {[%emt 0:01:18] [#]} ({Wrong is} 34. Kg1 $2 Rd8 35. Qg2 Qxg2+ 36. Kxg2 Rd2+ 37. Kf1 fxg3 38. hxg3 Rxf3+ 39. Ke1 Rd5 $19) 34... fxg3 $1 {[%emt 0:04:02] ( -> ...Nh4+). The board is on fire.} ({Inferior is} 34... Rd8 35. Re1 fxg3 36. Rxe2 $17) 35. Qxg3 (35. Qxc8+ $17 Rf8 36. Qxf8+ Kxf8 37. hxg3) 35... Rcf8 $2 (35... Nf4+ 36. Kh1 {[#]} Rg6 $1) 36. Rc3 $2 (36. Kh1 $19) 36... Nf4+ {[%emt 0:00:27] Black mates.} 37. Kh1 Rg6 38. Rxg7+ Rxg7 {[%emt 0:00:16] Weighted Error Value: White=0.62/Black=0.39} 0-1

[Event "Czech Championship 2022"]
[Site "Usti nad Labem"]
[Date "2022.05.20"]
[Round "7.5"]
[White "Cernousek, Lukas"]
[Black "Rubes, Jan"]
[Result "1/2-1/2"]
[ECO "E11"]
[WhiteElo "2440"]
[BlackElo "2386"]
[Annotator "TA"]
[PlyCount "110"]
[EventDate "2022.05.12"]
[EventType "swiss"]
[EventCountry "CZE"]
[SourceTitle "playchess.com"]
[Source "ChessBase"]
[SourceQuality "1"]
[TimeControl "40/5400+30:1800+30"]

1. d4 Nf6 2. c4 e6 3. Nf3 d5 4. g3 Bb4+ 5. Bd2 Be7 6. Bg2 O-O 7. O-O c6 8. Qc2 Nbd7 9. Rd1 b6 10. b3 Bb7 {[%emt 0:02:17] 10...a5 is a critical line. E11: Bogo-Indian.} 11. Nc3 Rc8 12. e4 dxe4 13. Nxe4 Nxe4 (13... c5 {with more complications.} 14. Nxf6+ Nxf6 15. Bc3 cxd4 16. Bxd4 Be4) 14. Qxe4 Nf6 15. Qe2 Bd6 {[%emt 0:11:32] [#]} 16. b4 $146 ({Predecessor:} 16. Ne5 Qe7 17. Bf4 Rfd8 18. Rac1 c5 19. Bxb7 Qxb7 20. dxc5 Bxc5 21. Bg5 Rxd1+ 22. Rxd1 {0-1 (43) Shuvalova,P (2454)-Koridze,L (2016) Chess.com INT 2020}) 16... h6 17. Ne5 Bb8 18. b5 Qxd4 19. Nxc6 (19. bxc6 $16 Ba6 20. Bf4) 19... Bxc6 $14 20. Bxc6 Qe5 21. Qxe5 Bxe5 22. Rab1 Bd6 23. Be3 Rfd8 24. h3 {[%emt 0:01:05] Against Ng4} Kf8 25. a4 Ke7 26. a5 Nd7 27. axb6 axb6 28. Ra1 Bc7 (28... Nc5 $142) 29. Ra7 {[%emt 0:05:54] White is much more active.} (29. Bb7 $16) 29... Ne5 30. Rxd8 Kxd8 31. Bb7 Rb8 32. c5 bxc5 33. Bxc5 Nd7 {[%emt 0:00:10] Prevents b6.} 34. Bd4 {[%emt 0:02:10] This bishop pair is nice.} e5 35. Be3 Nb6 36. Bc6 Nc8 37. Ra1 Ke7 38. g4 Bb6 39. Bd2 Na7 {[%emt 0:02:44] The position is equal.} 40. Bb4+ Ke6 41. Rc1 Nxc6 42. Rxc6+ $11 {[%emt 0:00:39][%mdl 4096] Endgame KRB-KRB} Kd5 43. Bd6 Rb7 44. Bf8 Bd4 45. Bxg7 {[%emt 0:07:37] [#] Strongly threatening Rf6.} f5 $1 46. Bxh6 {[%emt 0:00:24] Threatens to win with g5.} Rxb5 47. Rc2 fxg4 48. hxg4 Rb6 $1 49. g5 Ke4 50. Kg2 Kf5 51. Rc8 Kg4 52. Rf8 e4 53. Rd8 Be5 54. Rd5 Bf4 55. Rd4 Re6 {[%emt 0:00:03] Weighted Error Value: White=0.05 (flawless) /Black=0.05 (flawless)} 1/2-1/2